 Dungeon Crawl Stone Soup version 0.26-a0-846-gcc8f1ee719 (webtiles) character file.

Game seed: 18262494421621652192

21726 jiml777 the Thaumaturge (level 12, -6/61 HPs)
             Began as a Deep Elf Air Elementalist on Nov 20, 2020.
             Was an Elder of Sif Muna.
             Mangled by a death yak (19 damage)
             ... on level 2 of the Lair of Beasts.
             The game lasted 02:06:52 (15469 turns).

jiml777 the Thaumaturge (DEAE)                     Turns: 15469, Time: 02:06:53

Health: -6/61      AC: 10    Str:  8    XL:     12   Next: 56%
Magic:  8/32       EV: 13    Int: 32    God:    Sif Muna [****..]
Gold:   632        SH: 11    Dex: 15    Spells: 25/40 levels left

rFire    . . .     SeeInvis +   s - +6 mace "Killer Klown's Doom" {vorpal, +Inv Int+4 SInv}
rCold    . . .     Faith    .   E - +2 buckler
rNeg     . . .     Spirit   .   M - +1 leather armour "Zutus" {rElec Str+2 Stlth+}
rPois    .         Reflect  +   d - +2 helmet {Int+3}
rElec    +         Harm     .   y - +0 cloak
rCorr    .         Rampage  .   P - +1 pair of gloves
MR       +....                  (no boots)
Stlth    ++++......             f - amulet of reflection
HPRegen  0.20/turn              (no ring)
MPRegen  0.23/turn              L - ring of wizardry

@: about to teleport, hasted and slowed
A: no striking features
a: Channel Magic, Forget Spell, Divine Exegesis, Renounce Religion, Evoke
Invisibility


You were on level 2 of the Lair of Beasts.
You worshipped Sif Muna.
Sif Muna was greatly pleased with you.
You visited 3 branches of the dungeon, and saw 13 of its levels.
You also visited: Gauntlet.

You collected 632 gold pieces.

Inventory:

Hand Weapons
 j - a +1 dagger of electrocution
 s - the +6 mace "Killer Klown's Doom" (weapon) {vorpal, +Inv Int+4 SInv}
   (You found it on level 7 of the Dungeon)

   It inflicts extra damage upon your enemies.
   It affects your intelligence (+4).
   It lets you see invisible.
   It lets you turn invisible.
 V - the +7 falchion of Wyrd {flame, rC+ Str+4}
   (You found it in a Gauntlet)

   It has been specially enchanted to burn those struck by it, causing extra
   injury to most foes and up to half again as much damage against particularly
   susceptible opponents.
   Big, fiery blades are also staple armaments of hydra-hunters.
   It affects your strength (+4).
   It protects you from cold.
Missiles
 p - 174 arrows
 t - 31 poisoned darts (quivered)
Armour
 d - a +2 helmet of intelligence (worn)
 y - a +0 cloak (worn)
 E - a +2 buckler (worn)
 M - the +1 leather armour "Zutus" (worn) {rElec Str+2 Stlth+}
   (You took it off an orc on level 3 of the Dungeon)

   It affects your strength (+2).
   It insulates you from electricity.
   It makes you more stealthy.
 P - a +1 pair of gloves (worn)
Jewellery
 f - an amulet of reflection (around neck)
 v - the ring of Ebuiror {rPois rN+++ Str-5 Int+6 Dex-4}
   (You took it off a wight on level 7 of the Dungeon)

   [ring of intelligence]

   It affects your strength (-5).
   It affects your intelligence (+6).
   It affects your dexterity (-4).
   It protects you from poison.
   It renders you almost immune to negative energy.
 L - a ring of wizardry (right hand)
 S - the ring "Kesyzu" {rElec rC+}
   (You found it in a Gauntlet)

   [ring of protection from cold]

   It protects you from cold.
   It insulates you from electricity.
Wands
 h - a wand of flame (24)
 x - a wand of digging (8)
 D - a wand of disintegration (46)
 Q - a wand of paralysis (4)
 R - a wand of acid (19)
Scrolls
 a - 3 scrolls of fear
 k - 3 scrolls of magic mapping
 l - a scroll of teleportation
 u - 3 scrolls of remove curse
 C - 2 scrolls of identify
 I - 4 scrolls of fog
Potions
 b - a potion of brilliance
 e - 2 potions of mutation
 i - 2 potions of cancellation
 m - 2 potions of flight
 A - 3 potions of resistance


   Skills:
 + Level 1.2 Fighting
 + Level 1.0 Short Blades
 + Level 0.3 Staves
 + Level 1.8 Armour
 + Level 3.9 Dodging
 + Level 4.4 Stealth
 + Level 1.8 Shields
 + Level 14.8 Spellcasting
 * Level 8.0 Conjurations
 + Level 11.0 Air Magic
 * Level 8.2 Invocations
 * Level 8.5 Evocations


You had 25 spell levels left.
You knew the following spells:

 Your Spells              Type           Power        Failure   Level
a - Shock                 Conj/Air       ####         1%          1
b - Swiftness             Air            #######.     1%          2
c - Static Discharge      Conj/Air       ######..     1%          3
d - Airstrike             Air            #######...   1%          4
e - Lightning Bolt        Conj/Air       ######....   1%          5

Your spell library contained the following spells:

 Spells                   Type           Power        Failure   Level
 Corona                   Hex            ###....      1%          1
 Dazzling Flash           Conj/Hex       #####.       1%          3
 Leda's Liquefaction      Hex/Erth       ###.......   14%         4


Dungeon Overview and Level Annotations

Branches:
Dungeon (10/15)            Temple (1/1) D:4            Lair (2/6) D:9
Gauntlet (visited)
  Swamp: Lair:2-4    Shoals: Lair:2-4     Snake: Lair:2-4    Spider: Lair:2-4
    Orc: D:9-12

Altars:
Cheibriados
Dithmenos
Hepliaklqana
Kikubaaqudgha
Makhleb
Nemelex Xobeh
Okawaru
Ru
Sif Muna
Uskayaw
Vehumet
Yredelemnul
The Shining One
Beogh

Shops:
D:8 *


Message History

Confirm with . or Enter, or press ? or * to list all spells.
Aiming: Lightning Bolt (dangerous; 1% risk of failure)
Press: ? - help, Shift-Dir - straight line You hear a mighty clap of thunder!
The bolt of lightning hits the death yak!!
The death yak is severely wounded.
The bolt of lightning hits the death yak!
The death yak is heavily wounded.
The bolt of lightning hits the death yak.
The death yak is heavily wounded.
The bolt of lightning hits the death yak!!!
You kill the death yak!
Sif Muna accepts your kill. The death yak gores you!!
* * * LOW HITPOINT WARNING * * *
Your Conjurations skill increases to level 8!
Your Air Magic skill increases to level 11!
As you read the scroll of teleportation, it crumbles to dust.
You feel strangely unstable. The death yak gores you!!
You die...

#.P* *,.....* ***,**
###.** *,..Y.,***,,,,*
#.#.#####*#[.#,,,***,,,*
*#...##.##..#*,,.**,,,**
#.#.#..#...#...#**,,,*
#......Y(...#,,* **,**
##.Y######.#....#***,**
#..## ####.##...#*,,,,*
#Y.# #@#.....?..,,,,**
#..#####Y†.##*,,,**,,*
##Y†Y.Y.Y.P#*,,,,*****
#....Y###.##*,,,,,*
#####..#*## **,,,** #.##
*,,** #..# **,,,* *****
##.P# *,,,,***,,,* #..##
**,,,,,,,,,,


You could see 2 death yaks.

Vanquished Creatures
  Gastronok (Lair:2)
  A minotaur (Gauntlet)
  Harold (D:9)
  A hydra (Lair:1)
  A boulder beetle (D:8)
  2 death yaks (Lair:2)
  Pikel (D:6)
  Joseph (Lair:1)
  7 cane toads
  4 komodo dragons
  A rime drake (Lair:1)
  A polar bear (Lair:1)
  3 large abominations (Gauntlet)
  2 blink frogs (Lair:2)
  Prince Ribbit (Lair:2)
  A dream sheep (Lair:1)
  5 flying skulls (Gauntlet)
  5 basilisks
  2 wyverns
  5 yaks
  The ghost of Galileo the Skirmisher, an amateur DsAK of Lugonu (D:3)
  Menkaure (D:4)
  3 swamp worms (Gauntlet)
  10 water moccasins
  4 small abominations (Gauntlet)
  A sky beast (D:9)
  An ice beast (D:7)
  An orc warrior (D:10)
  2 phantoms
  4 black bears
  5 ogres
  A necrophage (D:9)
  2 wolves (Lair:1)
  3 centaurs
  3 big kobolds
  Blork the orc (D:6)
  5 bullfrogs
  A gnoll sergeant (D:9)
  14 killer bees
  A scorpion (D:7)
  20 wights
  8 howler monkeys
  2 quasits
  3 orc priests
  2 hounds
  A centaur skeleton (D:4)
  3 jellies
  6 orc wizards
  2 bullfrog skeletons (D:5)
  4 iguanas
  10 worker ants
  A killer bee zombie (D:5)
  A hound zombie (D:7)
  2 worker ant zombies (D:5)
  11 gnolls
  12 adders
  A howler monkey skeleton (D:4)
  A shadow imp (D:9)
  5 white imps
  2 ufetubi
  2 adder zombies
  An adder skeleton (D:6)
  5 worms
  A dart slug (D:3)
  2 leopard geckos
  28 orcs
  5 bats
  8 giant cockroaches
  11 goblins
  7 hobgoblins
  4 jackals (D:10)
  20 kobolds
  5 quokkas
  2 ball pythons
  7 frilled lizards
  A leopard gecko skeleton (D:8)
  A quokka skeleton (D:7)
  A quokka zombie (D:8)
  12 rats
330 creatures vanquished.

Vanquished Creatures (others)
  21 fungi
  33 plants
54 creatures vanquished.

Grand Total: 384 creatures vanquished

Notes
Turn   | Place    | Note
-------+----------+-------------------------------------------
     0 | D:1      | jiml777 the Deep Elf Air Elementalist began the quest for
                  | the Orb.
     0 | D:1      | Reached XP level 1. HP: 10/10 MP: 6/6
    10 | D:1      | Noticed an ogre
   169 | D:1      | Reached XP level 2. HP: 15/15 MP: 5/8
   509 | D:1      | Learned a level 2 spell: Swiftness
   860 | D:1      | Reached XP level 3. HP: 19/19 MP: 6/9
  1752 | D:2      | Reached XP level 4. HP: 19/24 MP: 4/11
  2154 | D:2      | Reached skill level 4 in Spellcasting
  2919 | D:3      | Found a runed translucent gate.
  2920 | D:3      | Found a runed translucent gate.
  2920 | D:3      | Found a runed translucent gate.
  2920 | D:3      | Noticed Galileo's ghost (amateur DsAK)
  2922 | D:3      | Identified the +1 leather armour "Zutus" {rElec Str+2
                  | Stlth+}
  2923 | D:3      | Found a roughly hewn altar of Beogh.
  2946 | D:3      | Learned a level 3 spell: Static Discharge
  2951 | D:3      | Learned a level 4 spell: Airstrike
  3448 | D:4      | Reached XP level 5. HP: 22/28 MP: 7/14
  3596 | D:4      | Found a staircase to the Ecumenical Temple.
  3610 | Temple   | Entered the Ecumenical Temple
  3646 | Temple   | Became a worshipper of Sif Muna the Loreminder
  3704 | D:4      | Found a glowing golden altar of the Shining One.
  3825 | D:4      | Noticed Menkaure
  3980 | D:4      | Killed Menkaure
  3981 | D:4      | Reached skill level 5 in Spellcasting
  3981 | D:4      | Reached XP level 6. HP: 32/32 MP: 6/15
  4010 | D:4      | Reached skill level 5 in Air Magic
  4376 | D:5      | Entered Level 5 of the Dungeon
  4710 | D:5      | Reached skill level 6 in Spellcasting
  4710 | D:5      | Reached skill level 1 in Evocations
  4710 | D:5      | Reached XP level 7. HP: 36/36 MP: 3/18
  4969 | D:5      | Reached skill level 1 in Invocations
  5164 | D:5      | Reached * piety under Sif Muna
  5644 | D:5      | Reached skill level 7 in Spellcasting
  5961 | D:5      | Reached XP level 8. HP: 41/41 MP: 11/20
  6649 | D:6      | Reached skill level 8 in Spellcasting
  6887 | D:6      | Noticed Pikel
  6935 | D:6      | Killed Pikel
  6936 | D:6      | Reached skill level 1 in Short Blades
  7093 | D:6      | Reached skill level 9 in Spellcasting
  7093 | D:6      | Reached XP level 9. HP: 45/45 MP: 9/24
  7101 | D:6      | Reached ** piety under Sif Muna
  7252 | D:6      | Noticed Blork the orc
  7255 | D:6      | Killed Blork the orc
  7256 | D:6      | Reached skill level 1 in Fighting
  7772 | D:7      | Reached skill level 10 in Spellcasting
  7965 | D:7      | Got an encrusted mace
  7965 | D:7      | Identified the +6 mace "Killer Klown's Doom" {vorpal, +Inv
                  | Int+4 SInv} (You found it on level 7 of the Dungeon)
  7972 | D:7      | Learned a level 5 spell: Lightning Bolt
  8139 | D:7      | Reached skill level 1 in Shields
  8155 | D:7      | Identified the ring of Ebuiror {rPois rN+++ Str-5 Int+6
                  | Dex-4}
  8159 | D:7      | Reached skill level 5 in Evocations
  8270 | D:7      | Found an iron altar of Okawaru.
  8561 | D:7      | Reached skill level 11 in Spellcasting
  8561 | D:7      | Reached skill level 5 in Invocations
  8915 | D:8      | Reached *** piety under Sif Muna
  8922 | D:8      | Reached XP level 10. HP: 52/52 MP: 13/27
  8964 | D:8      | Found an ancient bone altar of Kikubaaqudgha.
  9179 | D:8      | Noticed a boulder beetle
  9449 | D:8      | You fall into a shaft and drop 2 floors!
  9449 | D:10     | Entered Level 10 of the Dungeon
  9460 | D:10     | Got a brightly glowing long sword
 10189 | D:9      | Noticed Harold
 10201 | D:9      | Killed Harold
 10202 | D:9      | Reached skill level 12 in Spellcasting
 10202 | D:9      | Reached skill level 5 in Conjurations
 10239 | D:9      | Reached **** piety under Sif Muna
 10544 | D:8      | Found Cic Kaet's General Store.
 10685 | D:8      | Killed a boulder beetle
 10686 | D:8      | Reached XP level 11. HP: 56/56 MP: 10/29
 10899 | D:8      | Found a hazy altar of Hepliaklqana.
 11184 | D:3      | Killed Galileo's ghost
 11210 | D:3      | Lost strength.
 11210 | D:3      | Identified the +9 long sword "Earthworm" {holy, rN+ MR+
                  | Str-3 SInv} (You found it on level 10 of the Dungeon)
 11436 | D:9      | Found a staircase to the Lair.
 11929 | Lair:1   | Entered Level 1 of the Lair of Beasts
 12041 | Lair:1   | Reached skill level 13 in Spellcasting
 12295 | Lair:1   | Noticed Joseph
 12299 | Lair:1   | Paralysed by Joseph for 4 turns
 12305 | Lair:1   | Killed Joseph
 12744 | Lair:1   | Reached skill level 10 in Air Magic
 13165 | Lair:1   | Noticed a four-headed hydra
 13169 | Lair:1   | Killed a four-headed hydra
 13170 | Lair:1   | Reached skill level 14 in Spellcasting
 13518 | Lair:2   | Found a gate leading to a gauntlet.
 13523 | Gauntlet | Entered a Gauntlet
 13523 | Gauntlet | Found a large runed translucent door.
 13523 | Gauntlet | Found a large runed translucent door.
 13523 | Gauntlet | Found a large runed translucent door.
 13523 | Gauntlet | Found a large runed translucent door.
 13523 | Gauntlet | Found a large runed translucent door.
 13523 | Gauntlet | Found a large runed translucent door.
 13523 | Gauntlet | Found a transporter.
 13523 | Gauntlet | Found a large runed translucent door.
 13523 | Gauntlet | Found a large runed translucent door.
 13523 | Gauntlet | Found a runed translucent door.
 13523 | Gauntlet | Found a runed translucent gate.
 13523 | Gauntlet | Found a runed translucent gate.
 13523 | Gauntlet | Found a transporter.
 13523 | Gauntlet | Found a transporter.
 13591 | Gauntlet | Found a transporter.
 13592 | Gauntlet | Found a transporter.
 13595 | Gauntlet | Found a transporter.
 13596 | Gauntlet | Found a runed translucent gate.
 13596 | Gauntlet | Found a runed translucent door.
 13603 | Gauntlet | Found a transporter.
 13603 | Gauntlet | Found a transporter.
 13604 | Gauntlet | Found a transporter.
 13606 | Gauntlet | Found a transporter.
 13610 | Gauntlet | Noticed a large abomination
 13612 | Gauntlet | Noticed a wizard
 13614 | Gauntlet | Found a transporter.
 13657 | Gauntlet | Found a large runed translucent door.
 13657 | Gauntlet | Found a large runed translucent door.
 13658 | Gauntlet | Found a large runed translucent door.
 13659 | Gauntlet | Found a large runed translucent door.
 13660 | Gauntlet | Found a large runed translucent door.
 13660 | Gauntlet | Found a large runed translucent door.
 13661 | Gauntlet | Found a large runed translucent door.
 13662 | Gauntlet | Found a large runed translucent door.
 13724 | Gauntlet | Found a transporter.
 13804 | Gauntlet | Reached skill level 1 in Armour
 13965 | Gauntlet | Got a faintly glowing silver ring
 13966 | Gauntlet | Identified the ring "Kesyzu" {rElec rC+} (You found it in a
                  | Gauntlet)
 13991 | Gauntlet | Reached XP level 12. HP: 22/60 MP: 5/32
 14193 | Gauntlet | Got a shimmering leather armour
 14194 | Gauntlet | Identified the +1 leather armour of the Yeti {rF- Int+4}
                  | (You found it in a Gauntlet)
 14423 | Gauntlet | Noticed a minotaur
 14433 | Gauntlet | Killed a minotaur
 14693 | Gauntlet | Identified the Handbook of the Oath
 14695 | Gauntlet | Got an ancient falchion
 14697 | Gauntlet | Identified the +7 falchion of Wyrd {flame, rC+ Str+4} (You
                  | found it in a Gauntlet)
 15114 | Lair:2   | Noticed Prince Ribbit
 15116 | Lair:2   | Killed Prince Ribbit
 15434 | Lair:2   | Noticed Gastronok
 15438 | Lair:2   | Noticed a death yak
 15438 | Lair:2   | Noticed a death yak
 15440 | Lair:2   | Noticed a death yak
 15442 | Lair:2   | Noticed a death yak
 15442 | Lair:2   | Killed Gastronok
 15449 | Lair:2   | Noticed a death yak
 15462 | Lair:2   | Killed a death yak
 15468 | Lair:2   | Killed a death yak
 15469 | Lair:2   | Mangled by a death yak

Illustrated notes

Levels and vault maps discovered:
D:1:      evilmike_arrival_come_back, layout_basic
D:2:      layout_basic
D:3:      layout_basic, biasface_ghost_orc_armoury
D:4:      layout_rooms, minmay_temple_entry_overgrown,
          nicolae_tso_carved_into_rock, uniq_menkaure
D:5:      layout_basic
D:6:      kennysheep_six_static_rooms, layout_loops_cross, basic_altar,
          uniq_pikel, uniq_blork_the_orc, uniq_grinder
D:7:      layout_loops_ring, okawaru_altar_gauntlet_db
D:8:      layout_rooms, lemuel_round_altar, serial_shops, kennysheep_little_box,
          dk_noncrumbling_2, minmay_misc_feat_enclosed, lemuel_tele_altar
D:9:      layout_loops_cross, david_lair_generic, uniq_harold
D:10:     layout_irregular_city, serial_shops, shop
Temple:   nicolae_temple_the_god_donut
Lair:1:   layout_big_grid, minmay_shattered_shrine, uniq_joseph
Lair:2:   layout_loops_ring, gauntlet_entry_generic, lemuel_fruit_tree,
          uniq_gastronok, uniq_prince_ribbit2

Skill      XL: |  1  2  3  4  5  6  7  8  9 10 11 12 |
---------------+-------------------------------------+-----
Conjurations   | 2 3 4 5 6 8 |  8.0
Air Magic      | 4 5 6 7 8 9 10 11 | 11.0
Spellcasting   | 4 5 6 7 9 11 12 14 | 14.8
Stealth        | 3 4 |  4.4
Evocations     | 1 2 4 5 6 7 8 |  8.5
Invocations    | 1 3 5 6 7 8 |  8.2
Short Blades   | 1 |  1.0
Dodging        | 3 |  3.9
Fighting       | 1 |  1.2
Shields        | 1 |  1.8
Armour         | 1 |  1.8
Staves         | |  0.3

Action                   |  1- 3 |  4- 6 |  7- 9 | 10-12 || total
-------------------------+-------+-------+-------+-------++-------
Melee: Dagger            |       |     2 |     1 |       ||     3
       Staff             |       |       |    16 |       ||    16
       Mace              |       |       |       |    12 ||    12
 Cast: Shock             |    93 |    54 |    78 |    61 ||   286
       Airstrike         |       |    12 |   104 |   182 ||   298
       Swiftness         |       |     1 |       |       ||     1
       Lightning Bolt    |       |       |     2 |    51 ||    53
Invok: Channel Magic     |       |       |     3 |    16 ||    19
Evoke: Wand              |       |       |       |     2 ||     2
  Use: Scroll            |       |    11 |    10 |     7 ||    28
       Potion            |       |       |     2 |    11 ||    13
Armor: Robe              |     1 |     2 |    24 |     9 ||    36
       Leather armour    |       |       |       |    11 ||    11
Dodge: Dodged            |     7 |     9 |    60 |    33 ||   109
Block: Other             |     6 |     7 |    17 |       ||    30
       Reflection        |     3 |       |     7 |    16 ||    26
       Buckler           |       |       |       |    68 ||    68

Table legend: (Time is in decaauts)
 A = Elapsed time spent in this place.
 B = Non-inter-level travel time spent in this place.
 C = Inter-level travel time spent in this place.
 D = Time resting spent in this place.
 E = Time spent auto-exploring this place.
 F = Levels seen in this place.
 G = Mean time per level.
                   A        B        C        D        E       F      G
               +--------+--------+--------+--------+--------+-----+--------+
         Total |  15438 |  14731 |    707 |   6842 |   4442 |  14 | 1102.7 |
       Dungeon |  12098 |  11489 |    609 |   5148 |   3865 |  10 | 1209.8 |
        Temple |     83 |     77 |      6 |      0 |      0 |   1 |   83.0 |
          Lair |   2066 |   1974 |     92 |   1042 |    555 |   2 | 1033.0 |
      Gauntlet |   1191 |   1191 |      0 |    651 |     22 |   1 | 1191.0 |
               +--------+--------+--------+--------+--------+-----+--------+

Top non-repeatable levels by time:
     D:5: 1920 daAuts
     D:7: 1534 daAuts
  Lair:1: 1515 daAuts
     D:2: 1411 daAuts
     D:6: 1272 daAuts
Gauntlet: 1191 daAuts
     D:8: 1187 daAuts
     D:3: 1166 daAuts
     D:9: 985 daAuts
     D:4: 985 daAuts
     D:1: 975 daAuts
    D:10: 660 daAuts
  Lair:2: 550 daAuts
  Temple: 83 daAuts
